 Dungeon Crawl Stone Soup version 0.29.1-13-g9f3cf754e1 (webtiles) character file.

Game seed: 16843127618829321549

377 croobank the Sneak (level 6, -1/32 HPs)
             Began as a Vine Stalker Brigand on Jan 27, 2023.
             Was an Initiate of Makhleb.
             Killed by divine providence
             ... invoked by an orc priest
              (9 damage)
             ... on level 4 of the Dungeon.
             The game lasted 00:07:07 (3631 turns).

croobank the Sneak (Vine Stalker Brigand)           Turns: 3631, Time: 00:07:07

Health: -1/32      AC:  5    Str: 14    XL:     6   Next: 73%
Magic:  0/7        EV: 12    Int: 13    God:    Makhleb [......]
Gold:   104        SH:  5    Dex: 15    Spells: 5/5 levels left

rFire   . . .      SeeInvis .   m - +2 short sword (speed)
rCold   . . .      Faith    .   (no shield)
rNeg    . . .      Spirit   +   b - +0 robe
rPois   .          Reflect  +   t - +1 helmet
rElec   .          Harm     .   c - +0 cloak
rCorr   .          Rampage  .   (no gloves)
Will    .....                   (no boots)
Stlth   +++.......              n - amulet of reflection
HPRegen 0.90/turn               (no ring)
MPRegen 0.10/turn               (no ring)

@: no status effects
A: fangs 2, regeneration 1, magic shield, antimagic bite, no potion heal 2
a: Renounce Religion


You were on level 4 of the Dungeon.
You worshipped Makhleb.
Makhleb was noncommittal.
You visited 2 branches of the dungeon, and saw 5 of its levels.

You collected 104 gold pieces.

Inventory:

Hand Weapons
 a - a +2 dagger
 m - a +2 short sword of speed (weapon)
Missiles
 d - 9 poisoned darts
 e - a curare-tipped dart (quivered)
Armour
 b - a +0 robe (worn)
 c - a +0 cloak (worn)
 t - a +1 helmet (worn)
Magical Staves
 i - a staff of earth
 s - a staff of air
Jewellery
 n - an amulet of reflection (around neck)
Scrolls
 h - a scroll of magic mapping {unknown}
 k - 5 scrolls of identify {unknown}
 o - 3 scrolls of teleportation {unknown}
 p - a scroll of noise {unknown}
 q - a scroll of amnesia {unknown}
 r - a scroll of acquirement {unknown}
 w - a scroll of poison {unknown}
Potions
 f - 2 potions of lignification {unknown}
 g - 2 potions of degeneration {unknown}
 j - a potion of heal wounds {unknown}
 l - 3 potions of curing {unknown}
 u - a potion of berserk rage {unknown}
 v - a potion of flight {unknown}


   Skills:
 + Level 3.1 Fighting
 + Level 3.2 Short Blades
 + Level 3.2 Throwing
 + Level 2.4 Dodging
 + Level 6.2 Stealth
 + Level 0.1 Invocations


You had 5 spell levels left.
You didn't know any spells.
Your spell library was empty.

Dungeon Overview and Level Annotations

Branches:
Dungeon (4/15)             Temple (1/1) D:4

Altars:
Ashenzari
Cheibriados
Dithmenos
Elyvilon
Fedhas
Gozag
Hepliaklqana
Kikubaaqudgha
Makhleb
Okawaru
Qazlal
Ru
Sif Muna
Uskayaw
Wu Jian
Xom
Yredelemnul
Zin
The Shining One

Shops:
D:4 [


Innate Abilities, Weirdness & Mutations

You have extremely sharp teeth.
Your natural rate of healing is unusually fast.
When hurt, damage is shared between your health and your magic reserves.
Your bite disrupts and absorbs the magic of your enemies.
Potions cannot restore your health.


Message History

You kill the orc priest!
Makhleb accepts your kill. The orc hits you with a +0 club.
The orc priest drinks a potion.
The orc priest seems to grow stronger.
You barely miss the orc priest. Your bite misses the orc priest.
The orc hits you but does no damage.
You hit the orc priest.
The orc priest is lightly wounded.
The orc priest hits you with a +0 mace!
You closely miss the orc priest.
The orc priest is lightly wounded.
The orc hits you with a +0 club. The orc priest hits you with a +0 mace.
* * * LOW HITPOINT WARNING * * *
Okay, then.
You aren't carrying any items that you can evoke.
Throw: 3 darts (curare)
Press: ? - help, Q - select action, (/) - cycle Shift-Dir - straight line, f - orc
Aim: an orc, wielding a +0 club and quivering boomerangs (60% to hit)
You throw a curare-tipped dart.
The curare-tipped dart barely misses the orc.
The orc hits you but does no damage.
Throw: 2 darts (curare)
Press: ? - help, Q - select action, (/) - cycle Shift-Dir - straight line, f - orc priest, p - orc
Aim: an orc priest, wielding a +0 mace and wearing a +0 ring mail (lightly wounded, strong, 64% to hit)
You throw a curare-tipped dart.
The curare-tipped dart hits the orc priest.
The orc priest is poisoned.
The orc priest convulses.
The orc priest seems to slow down.
The orc priest is heavily wounded.
The orc priest completely misses you. The orc hits you but does no damage.
You hit the orc priest. Your bite misses the orc priest.
The orc priest is severely wounded.
You hit the orc priest but do no damage.
You bite the orc priest, but do no damage.
The orc priest is severely wounded.
The orc hits you with a +0 club.
* * * LOW HITPOINT WARNING * * *
The orc priest mumbles some strange prayers to Beogh against you.
Beogh smites you!
You die...

###..≈#...# # .....≈#...# #
# ##...~≈#...#######
.##.##.....≈...........
.(......~.≈...........
#.##.....≈...........
#.##.......###...#####.#
......o)#.##............ #
#.##@# #.#.....###..
####.##.##o#.##.#.....###..
.............##.#.......#..
#######.#######.#........[.
#.# #.#>....#....
#######.#######............
..............####........#
.######.#####.## #.##.#....
#.# #..###.##.#...#


You could see an orc priest (strong, very poisoned, slow) and an orc.

Vanquished Creatures
  Sigmund (D:2)
  A howler monkey (D:4)
  A jelly (D:4)
  An orc priest (D:4)
  2 iguanas (D:4)
  2 adders
  A howler monkey skeleton (D:2)
  An ufetubus (D:4)
  A worm (D:4)
  A dart slug (D:3)
  3 ball pythons
  7 endoplasms
  A giant cockroach (D:2)
  4 goblins
  A hobgoblin (D:4)
  A ball python skeleton (D:2)
  A ball python zombie (D:2)
  4 bats
  3 frilled lizards
  A jackal zombie (D:2)
  9 kobolds
  A rat (D:3)
48 creatures vanquished.

Vanquished Creatures (others)
  4 withered plants (D:2)
4 creatures vanquished.

Grand Total: 52 creatures vanquished

Notes
Turn   | Place    | Note
-------+----------+-------------------------------------------
     0 | D:1      | croobank the Vine Stalker Brigand began the quest for the
                  | Orb.
     0 | D:1      | Reached XP level 1. HP: 11/11 MP: 2/2
   430 | D:1      | Reached skill level 1 in Dodging
   430 | D:1      | Reached XP level 2. HP: 15/15 MP: 3/3
   486 | D:1      | Reached skill level 5 in Stealth
  1531 | D:2      | Reached XP level 3. HP: 16/18 MP: 4/4
  1598 | D:2      | Noticed Sigmund
  1609 | D:2      | Killed Sigmund
  1610 | D:2      | Gained mutation: Your natural rate of healing is unusually
                  | fast. [Vine Stalker growth]
  1610 | D:2      | Reached XP level 4. HP: 15/23 MP: 5/5
  1610 | D:2      | Reached XP level 5. HP: 18/27 MP: 6/6
  1614 | D:2      | Found a faded altar of an unknown god.
  2658 | D:4      | Reached XP level 6. HP: 32/32 MP: 7/7
  2684 | D:4      | Reached skill level 6 in Stealth
  2867 | D:4      | Found Vorol's Antique Armour Boutique.
  3036 | D:4      | Found a staircase to the Ecumenical Temple.
  3140 | Temple   | Entered the Ecumenical Temple
  3203 | Temple   | Became a worshipper of Makhleb the Destroyer
  3631 | D:4      | Killed from afar by an orc priest

Illustrated notes

Levels and vault maps discovered:
D:1:      nzn_arrival_settlement, layout_basic, minmay_split_cup_large
D:2:      layout_loops_corners, serial_undead, serial_undead_e, serial_undead_b,
          serial_undead_a, serial_undead_d, ebering_ecumenical_altar_webs,
          uniq_sigmund
D:3:      layout_loops_corners
D:4:      layout_loops_cross, minmay_temple_entry_nine_rooms, serial_rivers,
          chequers_serial_rivers_micro_b, chequers_serial_rivers_small_a,
          chequers_serial_rivers_micro_e, chequers_serial_rivers_micro_d,
          serial_shops, nicolae_diamond_shop, lightli_corner_chamber
Temple:   compressed_dpeg_triangle_lava_temple

Skill      XL: |  1  2  3  4  5  6 |
---------------+-------------------+-----
Dodging        | 1 2 |  2.4
Stealth        | 5 6 |  6.2
Fighting       | 2 3 |  3.1
Short Blades   | 2 3 |  3.2
Throwing       | 2 3 |  3.2
Invocations    | |  0.1

Action                   |  1- 3 |  4- 6 || total
-------------------------+-------+-------++-------
Melee: Dagger            |    37 |       ||    37
       Short sword       |    14 |    87 ||   101
       Bite              |     9 |    27 ||    36
       Punch             |       |     1 ||     1
Throw: Dart              |     3 |     2 ||     5
 Stab: Sleeping          |     3 |     7 ||    10
Armor: Robe              |    15 |    14 ||    29
Dodge: Dodged            |    21 |    34 ||    55
Block: Other             |     2 |     8 ||    10
       Reflection        |     1 |       ||     1
